 Dungeon Crawl Stone Soup version 0.23-a0-629-gae4348f6cf (webtiles) character file.

22240 HereIgoKillingAgain the Imperceptible (level 12, -8/58 HPs)
             Began as a Spriggan Assassin on Dec 26, 2018.
             Was a High Priest of Nemelex Xobeh.
             Engulfed by a cloud of freezing vapour (19 damage)
             ... in a Gauntlet.
             The game lasted 00:47:00 (18783 turns).

HereIgoKillingAgain the Imperceptible (SpAs)       Turns: 18783, Time: 00:47:00

Health: -8/58      AC:  9    Str: 16    XL:     12   Next: 61%
Magic:  20/20      EV: 23    Int: 13    God:    Nemelex Xobeh [*****.]
Gold:   658        SH:  0    Dex: 18    Spells: 11/11 levels left

rFire    . . .     SeeInvis +   h - +2 dagger (drain)
rCold    . . .     Gourm    .   (shield restricted)
rNeg     . . .     Faith    .   j - +1 troll leather armour
rPois    .         Spirit   .   (helmet restricted)
rElec    .         Reflect  .   a - +1 cloak {MR+}
rCorr    .         Harm     .   (gloves unavailable)
MR       +++..     NoTele   +   (boots unavailable)
Stlth    ++++++++..             (no amulet)
HPRegen  0.59/turn              (no ring)
MPRegen  0.17/turn              (no ring)

@: mighty, very quick
A: very small, unfitting armour, horns 1, slimy green scales 1, see invisible,
blink, herbivore, speed 3, slow metabolism 2, wild magic 1, evolution 1, sturdy
frame 1
a: Blink, Draw Escape, Draw Destruction, Draw Summoning, Triple Draw, Deal Four,
Stack Five, Renounce Religion


You were in a Gauntlet.
You worshipped Nemelex Xobeh.
Nemelex Xobeh was extremely pleased with you.
You were hungry.

You visited 4 branches of the dungeon, and saw 17 of its levels.
You also visited: Sewer and Gauntlet.

You collected 945 gold pieces.
You spent 287 gold pieces at shops.

Inventory:

Hand Weapons
 b - a +0 blowgun
 h - a +2 dagger of draining (weapon)
 r - the +10 long sword "Qerag" {freeze, Dex+5}
   (You found it on level 4 of the Dungeon)

   It has been specially enchanted to freeze those struck by it, causing extra
   injury to most foes and up to half again as much damage against particularly
   susceptible opponents.
   It can also slow down cold-blooded creatures.
   It affects your dexterity (+5).
Missiles
 e - 22 poisoned needles
 f - 10 curare-tipped needles
 u - 5 needles of confusion
Armour
 a - a +1 cloak of magic resistance (worn)
 j - a +1 troll leather armour (worn)
Jewellery
 B - an uncursed amulet of guardian spirit
Wands
 c - a wand of disintegration (11)
 d - a wand of flame (14)
 s - a wand of enslavement (6)
 x - a wand of polymorph (16)
 y - a wand of paralysis (1)
 D - a wand of iceblast (4)
Scrolls
 o - 2 scrolls of amnesia
 p - a scroll of fog
 t - 5 scrolls of teleportation
 w - 2 scrolls of enchant weapon
 A - 2 scrolls of remove curse
 E - a scroll of silence
 F - 4 scrolls of immolation
 G - a scroll of blinking
 H - 3 scrolls of fear
 K - a scroll of identify
 L - a scroll of magic mapping
Potions
 i - 8 potions of curing
 k - 4 potions of lignification
 l - 2 potions of ambrosia
 m - 2 potions of might
 n - 2 potions of flight
 q - 2 potions of heal wounds
 v - a potion of brilliance
 z - 2 potions of cancellation
 C - 2 potions of magic
 I - a potion of resistance {unknown}
 J - a potion of haste {unknown}
Comestibles
 g - 22 rations


   Skills:
 - Level 4.1 Fighting
 - Level 6.5 Short Blades
 - Level 5.0 Throwing
 - Level 6.9 Dodging
 + Level 21.6 Stealth
 - Level 7.4 Invocations
 - Level 10.6 Evocations


You had 11 spell levels left.
You didn't know any spells.
Your spell library contained the following spells:

 Spells                   Type           Power        Failure   Level  Hunger
 Animate Skeleton         Necr           N/A          41%         1    ##.....
 Apportation              Tloc           #.....       41%         1    ##.....
 Confusing Touch          Hex            #.....       41%         1    ##.....
 Flame Tongue             Conj/Fire      #....        41%         1    ##.....
 Magic Dart               Conj           #...         41%         1    ##.....
 Summon Small Mammal      Summ           #...         41%         1    ##.....
 Blink                    Tloc           N/A          52%         2    ###....
 Call Imp                 Summ           #.......     52%         2    ###....
 Slow                     Hex            #.......     52%         2    ###....
 Sticks to Snakes         Tmut           #.......     52%         2    ###....
 Throw Flame              Conj/Fire      #.....       52%         2    ###....
 Conjure Flame            Conj/Fire      #.......     75%         3    ####...
 Ignite Poison            Fire/Tmut/Pois #.......     75%         3    ####...
 Inner Flame              Hex/Fire       #.......     75%         3    ####...
 Mephitic Cloud           Conj/Pois/Air  #.......     75%         3    ####...
 Ice Form                 Ice/Tmut       #.......     98%         4    #####..
 Sticky Flame             Conj/Fire      #.......     98%         4    #####..
 Bolt of Magma            Conj/Fire/Erth #.........   100%        5    ######.
 Fireball                 Conj/Fire      #.........   100%        5    ######.
 Iskenderun's Battlesphe  Conj/Chrm      #.......     100%        5    ######.
 Metabolic Englaciation   Hex/Ice        #.........   100%        5    ######.
 Venom Bolt               Conj/Pois      #.........   100%        5    ######.
 Yara's Violent Unravell  Hex/Tmut       #.........   100%        5    ######.
 Bolt of Cold             Conj/Ice       #.........   100%        6    #######
 Freezing Cloud           Conj/Ice/Air   #.........   100%        6    #######
 Iron Shot                Conj/Erth      #.........   100%        6    #######
 Ozocubu's Refrigeration  Ice            #.........   100%        6    #######
 Simulacrum               Ice/Necr       #.........   100%        6    #######
 Statue Form              Tmut/Erth      #........    100%        6    #######
 Orb of Destruction       Conj           #.........   100%        7    #######
 Spellforged Servitor     Conj/Summ      #.........   100%        7    #######


Dungeon Overview and Level Annotations

Branches:
Dungeon (11/15)            Temple (1/1) D:4            Lair (3/6) D:11
 Shoals (0/4) Lair:2          Orc (2/2) D:10
  Snake: Lair:2-4    Spider: Lair:2-4       Elf: Orc:2

Altars:
Ashenzari
Cheibriados
Fedhas
Gozag
Hepliaklqana
Kikubaaqudgha
Makhleb
Nemelex Xobeh
Okawaru
Qazlal
Sif Muna
Trog
Uskayaw
Vehumet
Wu Jian
Xom
Yredelemnul
Zin
The Shining One

Shops:
D:9 ?   Orc:1 }

Annotations:
Lair:3 exclusion: 2 oklob plants
Orc:2 Azrael Gauntlet 11 transporters


Innate Abilities, Weirdness & Mutations

You are very small and have problems with some larger weapons.
You are too small for most types of armour.
You have supernaturally acute eyesight. (SInv)
You are a herbivore.
You cover ground extremely quickly.
You need to consume almost no food.
You have a pair of small horns on your head.
You are partially covered in slimy green scales. (AC +2)
You can translocate small distances at will.
Your spells are a little harder to cast, but a little more powerful.
You evolve.
Your movements are slightly less encumbered by armour. (ER -2)


Message History

You are engulfed in freezing vapours.
* * * LOW HITPOINT WARNING * * *
You feel much better.
You are engulfed in freezing vapours.
* * * LOW HITPOINT WARNING * * *
You feel much better.
You are engulfed in freezing vapours.
You feel much better.
You are engulfed in freezing vapours.
You puncture the ice statue! You headbutt the ice statue!
The ice statue is almost destroyed.
You are engulfed in freezing vapours.
* * * LOW HITPOINT WARNING * * *
The ice statue gestures at you. The bolt of cold misses you.
You hit the ice statue.
You destroy the ice statue!
The ice beast disappears in a puff of smoke!
You are engulfed in freezing vapours.
* * * LOW HITPOINT WARNING * * *
You are engulfed in freezing vapours.
You die...
Your body disappears without a glow.

###########################
#8.............8...........
#..........................
#..###########...##########
#..#.........#...#........J
#..#..##.##..#...#...###..J
#..#.#..#§.#.#####....#...J
#..#.#.©#.@#.#...#.#.©#.J#?
#.©#.†#####§©#©.©#.######.©
#..#.#..#..#§#...#.#..#..#=
#..#.#..#..#[#####....#J..J
#..#..##.##..#...#...###...
#..#.........#...#...JJ.J..
#..###########...##########
#..........................
#∩......∩......⌠...........


There were no monsters in sight!

Vanquished Creatures
  3 hydras
  A two-headed ogre (D:11)
  A glowing orange brain (shapeshifter) (D:11)
  2 unseen horrors (D:11)
  Pikel (D:9)
  A cyclops (D:8)
  4 ugly things (D:11)
  An orc sorcerer (Orc:1)
  Maurice (D:9)
  2 elephants (Lair:1)
  An ice statue (Gauntlet)
  3 black mambas
  2 spiny frogs (Lair:3)
  A centaur skeleton (D:11)
  A gargoyle (D:7)
  2 komodo dragons (Lair:2)
  2 rime drakes (Gauntlet)
  A troll (D:10)
  Prince Ribbit (D:6)
  A dream sheep (Lair:1)
  4 hippogriffs
  5 yaks (Lair:2)
  A steam dragon (D:7)
  A basilisk (Lair:2)
  A human (D:10)
  5 water moccasins
  3 porcupines
  2 orc warriors
  2 ice beasts
  A phantom (D:5)
  2 ogres
  2 slaves (D:9)
  A black bear (D:8)
  12 centaurs
  A necrophage (D:6)
  A wolf (Lair:3)
  2 big kobolds
  7 crocodiles
  11 bullfrogs
  A wyvern skeleton (D:7)
  6 scorpions
  A water moccasin skeleton (D:11)
  3 killer bees (D:8)
  3 howler monkeys (D:11)
  3 wights (D:9)
  3 crimson imps
  2 jellies
  A centaur zombie (D:5)
  7 orc priests
  4 hounds
  3 bullfrog skeletons
  3 gnoll shamans
  An iguana (D:6)
  6 orc wizards
  2 worker ants
  A killer bee zombie (D:7)
  2 worker ant zombies
  30 gnolls
  15 adders
  A howler monkey skeleton (D:4)
  A shadow imp (D:9)
  2 oozes
  3 dart slugs
  7 leopard geckos
  28 orcs
  3 ball pythons
  9 giant cockroaches
  10 goblins
  5 hobgoblins
  25 jackals
  20 kobolds
  2 quokkas
  8 bats
  15 frilled lizards
  A leopard gecko skeleton (D:4)
  A quokka skeleton (D:9)
  2 quokka zombies
  8 rats
344 creatures vanquished.

Vanquished Creatures (collateral kills)
  4 death yaks (Lair:3)
  A queen bee (D:8)
  A snapping turtle (Lair:2)
  2 yaks (Lair:2)
  A water moccasin (Lair:3)
  2 porcupines (Lair:3)
  An orc warrior (D:10)
  A swamp drake (D:10)
  A bullfrog (D:7)
  A gnoll sergeant (D:7)
  11 killer bees (D:8)
  A worker ant (D:7)
  A hound zombie (D:7)
  17 gnolls
  2 orcs (D:10)
47 creatures vanquished.

Vanquished Creatures (others)
  A gnoll (D:4)
  A worm (D:11)
  3 plants
5 creatures vanquished.

Grand Total: 396 creatures vanquished

Notes
Turn   | Place    | Note
-------+----------+-------------------------------------------
     0 | D:1      | HereIgoKillingAgain the Spriggan Assassin began the quest
                  | for the Orb.
     0 | D:1      | Reached XP level 1. HP: 10/10 MP: 2/2
    11 | D:1      | Reached skill level 6 in Stealth
   525 | D:1      | Reached XP level 2. HP: 14/14 MP: 3/3
   535 | D:1      | Reached skill level 7 in Stealth
  1027 | D:2      | Reached XP level 3. HP: 17/18 MP: 4/4
  1297 | D:2      | Reached skill level 8 in Stealth
  1813 | D:2      | Reached XP level 4. HP: 22/22 MP: 5/5
  2279 | D:3      | Reached skill level 9 in Stealth
  2583 | D:3      | Found a deep blue altar of Sif Muna.
  2891 | D:4      | Reached XP level 5. HP: 19/25 MP: 6/6
  2947 | D:4      | Got a twisted long sword
  3005 | D:4      | Found a glowing drain.
  3022 | Sewer    | Entered a sewer
  3291 | Sewer    | Reached skill level 10 in Stealth
  3296 | Sewer    | Reached XP level 6. HP: 6/30 MP: 7/7
  4534 | D:4      | Found a staircase to the Ecumenical Temple.
  4677 | Temple   | Entered the Ecumenical Temple
  4860 | Temple   | Became a worshipper of Nemelex Xobeh the Trickster
  4919 | D:4      | Received a gift from Nemelex Xobeh
  5217 | D:4      | Noticed a red devil
  5247 | D:4      | Reached skill level 1 in Invocations
  5247 | D:4      | Reached XP level 7. HP: 12/33 MP: 7/9
  5513 | D:4      | Reached skill level 5 in Throwing
  5675 | D:4      | Reached skill level 11 in Stealth
  7356 | D:4      | Reached skill level 12 in Stealth
  7394 | D:5      | Entered Level 5 of the Dungeon
  7734 | D:5      | Reached skill level 1 in Evocations
  7734 | D:5      | Reached XP level 8. HP: 27/37 MP: 11/11
  7961 | D:5      | Identified the +10 long sword "Qerag" {freeze, Dex+5} (You
                  | found it on level 4 of the Dungeon)
  8085 | D:5      | Reached * piety under Nemelex Xobeh
  8424 | D:6      | Noticed Prince Ribbit
  8431 | D:6      | Killed Prince Ribbit
  8431 | D:6      | Reached skill level 13 in Stealth
  8593 | D:6      | Found an iron altar of Okawaru.
  8716 | D:6      | Reached skill level 5 in Evocations
  8973 | D:6      | Received a gift from Nemelex Xobeh
  9420 | D:7      | Reached XP level 9. HP: 24/41 MP: 14/14
  9464 | D:7      | Reached skill level 14 in Stealth
  9692 | D:7      | Reached ** piety under Nemelex Xobeh
 10321 | D:7      | Reached skill level 5 in Invocations
 10629 | D:7      | Gained mutation: You have a pair of small antennae on your
                  | head. [potion of mutation]
 10629 | D:7      | Gained mutation: Your skin changes colour to match your
                  | surroundings (Stealth+). [potion of mutation]
 10630 | D:7      | Lost mutation: Your skin changes colour to match your
                  | surroundings (Stealth+). [potion of mutation]
 10630 | D:7      | Lost mutation: You have a pair of small antennae on your
                  | head. [potion of mutation]
 10630 | D:7      | Gained mutation: Your spells are a little harder to cast,
                  | but a little more powerful. [potion of mutation]
 10630 | D:7      | Gained mutation: Your movements are slightly less
                  | encumbered by armour. (ER -2) [potion of mutation]
 10630 | D:7      | Gained mutation: You evolve. [potion of mutation]
 10630 | D:7      | Gained mutation: You are partially covered in slimy green
                  | scales. (AC +2) [potion of mutation]
 11089 | D:7      | Noticed a gargoyle
 11094 | D:7      | Killed a gargoyle
 11179 | D:7      | Identified Jaren's Volume of the Mutagenic Blaze
 11371 | D:8      | Noticed a cyclops
 11376 | D:8      | Killed a cyclops
 11376 | D:8      | Reached skill level 15 in Stealth
 11376 | D:8      | Reached XP level 10. HP: 43/47 MP: 17/17
 11597 | D:8      | Gained mutation: You can translocate small distances at
                  | will. [evolution]
 12291 | D:8      | Received a gift from Nemelex Xobeh
 12331 | D:8      | Found a blossoming altar of Fedhas.
 12650 | D:9      | Noticed Pikel
 12671 | D:9      | Killed Pikel
 12816 | D:9      | Found a hide-covered altar of Uskayaw.
 12935 | D:9      | Found Doohij's Magic Scroll Shoppe.
 12949 | D:9      | Bought a scroll of identify for 28 gold pieces
 12949 | D:9      | Bought a scroll of enchant weapon for 105 gold pieces
 12949 | D:9      | Bought a scroll of silence for 105 gold pieces
 12949 | D:9      | Bought a scroll of fear for 49 gold pieces
 12971 | D:9      | Reached *** piety under Nemelex Xobeh
 12975 | D:9      | Noticed Maurice
 12991 | D:9      | Reached skill level 5 in Dodging
 13083 | D:9      | Killed Maurice
 13200 | D:9      | Received a gift from Nemelex Xobeh
 13740 | D:10     | Entered Level 10 of the Dungeon
 14147 | D:10     | Reached skill level 16 in Stealth
 14174 | D:10     | Reached skill level 10 in Evocations
 14243 | D:10     | Received a gift from Nemelex Xobeh
 14270 | D:10     | Found a staircase to the Orcish Mines.
 14627 | Orc:1    | Entered Level 1 of the Orcish Mines
 14628 | Orc:1    | Found Meps's Gadget Emporium.
 14630 | Orc:1    | Noticed an orc sorcerer
 14637 | Orc:1    | Killed an orc sorcerer
 14729 | Orc:2    | Entered Level 2 of the Orcish Mines
 14734 | Orc:2    | Noticed Azrael
 14738 | Orc:2    | Identified the -1 quarterstaff "Ygruw" {freeze, Dex+4}
 14953 | D:10     | Gained mutation: You have a pair of small horns on your
                  | head. [evolution]
 14981 | D:11     | Found a staircase to the Lair.
 15005 | D:11     | Noticed a manticore
 15013 | D:11     | Noticed a glowing shapeshifter
 15013 | D:11     | a manticore changed into a glowing shapeshifter
 15014 | D:11     | a glowing shapeshifter changed into a snapping turtle
 15016 | D:11     | Noticed a glowing orange brain
 15016 | D:11     | a snapping turtle changed into a glowing orange brain
 15018 | D:11     | Killed a glowing orange brain
 15018 | D:11     | Reached skill level 5 in Short Blades
 15018 | D:11     | Reached XP level 11. HP: 51/52 MP: 19/19
 15065 | D:11     | Reached **** piety under Nemelex Xobeh
 15072 | D:11     | Noticed a green ugly thing
 15089 | D:11     | Killed a green ugly thing
 15132 | D:11     | Noticed a green ugly thing
 15304 | D:11     | Noticed an unseen horror
 15353 | D:11     | Killed an unseen horror
 15407 | D:11     | Noticed a purple ugly thing
 15407 | D:11     | Noticed a cyan ugly thing
 15414 | D:11     | Killed a cyan ugly thing
 15419 | D:11     | Killed a cyan ugly thing
 15496 | D:11     | Noticed a brown ugly thing
 15498 | D:11     | Noticed an unseen horror
 15541 | D:11     | Killed an unseen horror
 15647 | D:11     | Noticed a two-headed ogre
 15652 | D:11     | Killed a two-headed ogre
 15875 | D:11     | Killed a green ugly thing
 15944 | Lair:1   | Entered Level 1 of the Lair of Beasts
 15972 | Lair:1   | Reached skill level 17 in Stealth
 15994 | Lair:1   | Noticed a seven-headed hydra
 16001 | Lair:1   | Killed a seven-headed hydra
 16020 | Lair:1   | Found a blossoming altar of Fedhas.
 16053 | Lair:1   | Received a gift from Nemelex Xobeh
 16302 | Lair:1   | Reached skill level 18 in Stealth
 16485 | Lair:1   | Found a snail-covered altar of Cheibriados.
 16836 | Lair:2   | Reached ***** piety under Nemelex Xobeh
 17108 | Lair:2   | Reached XP level 12. HP: 58/58 MP: 20/20
 17126 | Lair:2   | Reached skill level 19 in Stealth
 17272 | Lair:2   | Noticed a seven-headed hydra
 17279 | Lair:2   | Killed a seven-headed hydra
 17695 | Lair:2   | Received a gift from Nemelex Xobeh
 17811 | Lair:2   | Found a staircase to the Shoals.
 18068 | Lair:3   | Noticed a death yak
 18069 | Lair:3   | Noticed a death yak
 18070 | Lair:3   | Noticed a death yak
 18073 | Lair:3   | Noticed a death yak
 18074 | Lair:3   | Killed a death yak
 18074 | Lair:3   | Reached skill level 20 in Stealth
 18079 | Lair:3   | Killed a death yak
 18080 | Lair:3   | Killed a death yak
 18084 | Lair:3   | Killed a death yak
 18300 | Lair:3   | Noticed a four-headed hydra
 18306 | Lair:3   | Killed a four-headed hydra
 18306 | Lair:3   | Reached skill level 21 in Stealth
 18434 | Lair:3   | Received a gift from Nemelex Xobeh
 18525 | Lair:3   | Found a gate leading to a gauntlet.
 18548 | Gauntlet | Entered a Gauntlet
 18548 | Gauntlet | Found a transporter.
 18548 | Gauntlet | Found a transporter.
 18564 | Gauntlet | Found a transporter.
 18568 | Gauntlet | Found a transporter.
 18578 | Gauntlet | Found a transporter.
 18582 | Gauntlet | Found a transporter.
 18591 | Gauntlet | Noticed a great orb of eyes
 18592 | Gauntlet | Found a transporter.
 18593 | Gauntlet | Found the ring of Phasing {EV+8}
 18613 | Gauntlet | Found a transporter.
 18630 | Gauntlet | Found a transporter.
 18634 | Gauntlet | Found a transporter.
 18644 | Gauntlet | Found a transporter.
 18648 | Gauntlet | Found a transporter.
 18783 | Gauntlet | Engulfed by a cloud of freezing vapour

Vault maps used:
D:1:      scummos_arrival_hexagon, dk_noncrumbling_4, serial_bayou_pond_b
D:2:      first_ration, st_stairs_9, grunt_decor_clamped
D:3:      led_sif_pool, chequers_hall_statues_corner_a
D:4:      lemuel_castle_with_subvaults, nicolae_overflow_hidden_temple,
          minmay_temple_entry_fiery, cheibrodos_sewer_entry_drain
D:6:      lemuel_crystal_altar, uniq_prince_ribbit1
D:7:      kennysheep_windowed_halls
D:8:      basic_altar, david_nohive_1, skrybe_limestone_x,
          small_statue_intersection
D:9:      lemuel_doored_altar, serial_shops, shop_statue, uniq_maurice,
          uniq_pikel
D:10:     erik_orc_1
D:11:     lair_entry_dummy, minmay_misc_feat_chi,
          onia_ninara_dug_in_and_dangerous
Temple:   eino_temple_scatter_basement
Lair:1:   wad_woods_stonehenge, lemuel_centaur_altar
Lair:2:   minmay_shoals_entry_hut
Lair:3:   gauntlet_entry_generic, st_stairs_6, minmay_lair_oklob_chamber,
          grunt_megastairs_2
Orc:1:    serial_shops, shop, shop
Orc:2:    grunt_orc_gardens, grunt_orc_garden, grunt_orc_garden,
          grunt_orc_garden, grunt_orc_garden, lightli_church_of_beogh,
          uniq_azrael, uniq_snorg
Sewer:    sewer_frog_island_01
Gauntlet: gammafunk_gauntlet_hard_choice

Skill      XL: |  1  2  3  4  5  6  7  8  9 10 11 12 |
---------------+-------------------------------------+-----
Stealth        | 6 7 8 9 10 12 13 15 16 18 21 | 21.6
Throwing       | 3 4 5 |  5.0
Invocations    | 1 3 4 5 6 7 |  7.4
Evocations     | 1 6 8 10 | 10.6
Dodging        | 3 5 6 |  6.9
Fighting       | 2 3 4 |  4.1
Short Blades   | 3 5 6 |  6.5

Action                   |  1- 3 |  4- 6 |  7- 9 | 10-12 || total
-------------------------+-------+-------+-------+-------++-------
Melee: Dagger            |    78 |   262 |   470 |   634 ||  1444
       Long sword        |       |       |     8 |    13 ||    21
       Headbutt          |       |       |       |   100 ||   100
 Fire: Blowgun           |    16 |    16 |    31 |    11 ||    74
Throw: Throwing net      |       |       |     8 |       ||     8
 Abil: Draw Summoning    |       |     1 |     2 |    11 ||    14
       Draw Escape       |       |     1 |       |       ||     1
       Draw Destruction  |       |       |     6 |    22 ||    28
       Blink             |       |       |       |     2 ||     2
Evoke: Wand              |       |       |     7 |    30 ||    37
  Use: Scroll            |       |    11 |     4 |     9 ||    24
       Potion            |       |     2 |     2 |     7 ||    11
 Stab: Sleeping          |     9 |     7 |    19 |    34 ||    69
       Distracted        |       |     1 |     3 |     4 ||     8
       Confused          |       |     1 |     2 |     1 ||     4
       Held in net/web   |       |       |     4 |       ||     4
       Paralysed         |       |       |     3 |       ||     3
       Petrified         |       |       |       |     1 ||     1
  Eat: Ration            |       |     1 |     4 |     3 ||     8
Armor: Robe              |    16 |    48 |    38 |    12 ||   114
       Troll leather arm |       |       |       |    68 ||    68
Dodge: Dodged            |    42 |   253 |   318 |   608 ||  1221
       Rpst.: Long sword |       |       |     2 |     1 ||     3

Table legend:
 A = Non-vault XP
 B = Vault XP
 C = Vault XP percentage of total XP
 D = Non-vault monster count
 E = Vault monster count
 F = Vault count percentage of total count
                 A         B        C        D         E       F
            +---------+---------+-------+---------+---------+-------
      Total |   23343 |    8429 |  26.5 |     242 |     149 |  38.1
            +---------+---------+-------+---------+---------+-------
        D:1 |      33 |       5 |  13.2 |      17 |       3 |  15.0
        D:2 |      51 |      14 |  21.5 |      15 |       2 |  11.8
        D:3 |      91 |       0 |   0.0 |      29 |       0 |   0.0
        D:4 |     198 |     752 |  79.2 |      15 |      62 |  80.5
        D:5 |     398 |       0 |   0.0 |      17 |       0 |   0.0
        D:6 |     710 |     274 |  27.8 |      21 |       1 |   4.5
        D:7 |     925 |    1150 |  55.4 |      20 |      16 |  44.4
        D:8 |    1441 |     662 |  31.5 |      20 |      15 |  42.9
        D:9 |    1026 |    1073 |  51.1 |      19 |       2 |   9.5
       D:10 |     679 |     448 |  39.8 |       8 |      17 |  68.0
       D:11 |    6221 |       0 |   0.0 |      18 |       0 |   0.0
     Lair:1 |    1383 |    1868 |  57.5 |       4 |       8 |  66.7
     Lair:2 |    4983 |     239 |   4.6 |      22 |       1 |   4.3
     Lair:3 |    4672 |     554 |  10.6 |      16 |       2 |  11.1
      Orc:1 |     532 |       0 |   0.0 |       1 |       0 |   0.0
      Sewer |       0 |     185 | 100.0 |       0 |      17 | 100.0
   Gauntlet |       0 |    1205 | 100.0 |       0 |       3 | 100.0
            +---------+---------+-------+---------+---------+-------
